 Dungeon Crawl Stone Soup version 0.22-a0-86-g94e0ad4 (webtiles) character file.

1344 kibaces the Magician (level 8, -2/46 HPs)
             Began as an Octopode Wizard on Jan 20, 2018.
             Slain by a centaur (5 damage)
             ... on level 7 of the Dungeon.
             The game lasted 00:27:11 (9483 turns).

kibaces the Magician (Octopode Wizard)              Turns: 9483, Time: 00:27:12

Health: -2/46      AC:  1    Str:  6    XL:     8   Next: 62%
Magic:  9/16       EV: 17    Int: 22    God:
Gold:   369        SH:  0    Dex: 11    Spells: 9/17 levels left

rFire    . . .     SeeInvis .   e - staff of earth (curse)
rCold    . . .     Gourm    .   (no shield)
rNeg     . . .     Faith    .   a - +0 hat
rPois    .         Spirit   .   (no amulet)
rElec    .         Reflect  .   y - +3 ring of evasion
rCorr    .         Harm     .   (no ring)
MR       .....                  (no ring)
Stlth    +++.......             (no ring)
HPRegen  0.15/turn              (no ring)
MPRegen  0.15/turn              (no ring)
                                (no ring)
                                (no ring)

@: no status effects
A: almost no armour, stealthy swim, amphibious, 8 rings, constrict 8, camouflage
1, gelatinous body 1
a: no special abilities


You were on level 7 of the Dungeon.
You were not hungry.

You visited 1 branch of the dungeon, and saw 7 of its levels.
You also visited: Ossuary.

You collected 369 gold pieces.

Inventory:

Hand Weapons
 q - the +7 spear of Ohaibbyu {pierce, rElec}
   (You found it on level 4 of the Dungeon)

   It inflicts extra damage upon your enemies.
   It insulates you from electricity.
Armour
 a - a +0 hat (worn)
Magical Staves
 e - a cursed staff of earth (weapon)
Jewellery
 y - a +3 ring of evasion (left tentacle)
 z - a +2 ring of dexterity {unknown}
Scrolls
 d - a scroll of blinking
 o - 5 scrolls of teleportation
 r - a scroll of fear
 s - 3 scrolls of amnesia {unknown}
 u - a scroll of immolation {unknown}
 w - a scroll of brand weapon {unknown}
Potions
 f - a potion of lignification {unknown}
 g - 2 potions of curing {unknown}
 h - a potion of flight {unknown}
 i - 2 potions of brilliance {unknown}
 j - 2 potions of heal wounds
 k - 3 potions of magic {unknown}
 l - 4 potions of might {unknown}
 m - a potion of ambrosia {unknown}
 p - a potion of cancellation {unknown}
 t - a potion of mutation {unknown}
 v - 5 potions of agility
 x - 2 potions of invisibility {unknown}
Books
 b - a book of Minor Magic

   Spells                             Type                      Level
   a - Magic Dart                     Conjuration                  1
   b - Blink                          Translocation                2
   c - Call Imp                       Summoning                    2
   d - Slow                           Hexes                        2
   e - Conjure Flame                  Conjuration/Fire             3
   f - Mephitic Cloud                 Conjuration/Poison/Air       3
Comestibles
 c - 15 rations


   Skills:
 + Level 4.0 Dodging
 - Level 2.6 Stealth
 * Level 5.4 Spellcasting
 * Level 4.7 Conjurations
 + Level 3.1 Hexes
   Level 1.0 Summonings
 + Level 3.3 Translocations
 + Level 3.0 Air Magic
 + Level 3.3 Poison Magic


You had 9 spell levels left.
You knew the following spells:

 Your Spells              Type           Power        Failure   Level  Hunger
a - Magic Dart            Conj           ####         1%          1    None
b - Blink                 Tloc           N/A          3%          2    None
c - Slow                  Hex            ###.....     4%          2    None
d - Mephitic Cloud        Conj/Pois/Air  ###.....     6%          3    ##.....


Dungeon Overview and Level Annotations

Branches:
Dungeon (7/15)
 Temple: D:4-7

Altars:
Gozag
Makhleb
Nemelex Xobeh
Yredelemnul

Shops:
D:3 *

Annotations:
D:5 Sigmund
D:7 Joseph


Innate Abilities, Weirdness & Mutations

You cannot wear most types of armour.
You are very stealthy in the water. (Stealth+)
You are amphibious.
You can wear up to eight rings at the same time.
You can use your tentacles to constrict eight enemies at once.
Your skin changes colour to match your surroundings (Stealth+).
Your rubbery body absorbs attacks. (AC +1, EV +1)


Message History

The centaur is heavily wounded.
The centaur barely misses you.
Casting: Magic Dart
Confirm with . or Enter, or press ? or * to list all spells.
Aiming: Magic Dart
Press: ? - help, Shift-Dir - straight line, f/p - centaur
Aim: a centaur (heavily wounded)
The magic dart hits the centaur.
The centaur is almost dead.
The centaur barely misses you. The centaur hits you.
* * * LOW HITPOINT WARNING * * *
Casting: Magic Dart
Confirm with . or Enter, or press ? or * to list all spells.
Aiming: Magic Dart
Press: ? - help, Shift-Dir - straight line, f/p - centaur
Aim: a centaur (almost dead)
The magic dart hits the centaur.
The centaur is almost dead.
The centaur hits you.
You die...

#. ###.####
#......#. #......#.
#......#.#
#(.....#..
#.(...^##.## #
#....<..#..## .#
#.....@c##..#..#...
#..........(...%...
#......####รท#.##...
######## #.# # ...
.c.. ..?.[. .......
........#


You could see a centaur.

Vanquished Creatures
  A sky beast (D:5)
  An ogre (D:5)
  Blork the orc (D:6)
  4 bullfrogs
  A water moccasin zombie (Ossuary)
  A scorpion (D:6)
  2 crimson imps
  2 hounds
  2 jellies (D:5)
  3 orc wizards
  2 orc priests (D:6)
  A centaur skeleton (D:4)
  3 worker ants
  A killer bee zombie (D:6)
  3 big kobold zombies (Ossuary)
  A hound zombie (D:6)
  2 mummies (Ossuary)
  A hound skeleton (D:4)
  6 adders
  3 adder zombies
  2 dart slugs
  A worm (D:2)
  A leopard gecko (D:1)
  20 orcs
  3 ball pythons
  3 bats
  5 giant cockroaches
  2 gnoll zombies (Ossuary)
  5 hobgoblins
  7 jackals
  A kobold (D:2)
  5 quokkas
  5 frilled lizards
  9 goblins
  3 hobgoblin zombies (Ossuary)
  A jackal skeleton (D:6)
  6 kobold zombies (Ossuary)
  A leopard gecko skeleton (D:3)
  4 orc zombies (Ossuary)
  9 rats
134 creatures vanquished.

Notes
Turn   | Place    | Note
-------+----------+-------------------------------------------
     0 | D:1      | kibaces the Octopode Wizard began the quest for the Orb.
     0 | D:1      | Reached XP level 1. HP: 11/11 MP: 4/4
   334 | D:1      | Reached XP level 2. HP: 17/17 MP: 0/6
   393 | D:1      | Learned a level 2 spell: Blink
   396 | D:1      | Learned a level 2 spell: Slow
  1077 | D:2      | Reached XP level 3. HP: 21/21 MP: 3/7
  1896 | D:2      | Reached XP level 4. HP: 23/27 MP: 6/9
  1927 | D:2      | Learned a level 3 spell: Mephitic Cloud
  2512 | D:3      | Found a faded altar of an unknown god.
  3063 | D:3      | Found Gozag's Platinum Reserve.
  3063 | D:3      | Found an opulent altar of Gozag.
  3318 | D:3      | Reached skill level 1 in Hexes
  3318 | D:3      | Reached XP level 5. HP: 2/31 MP: 3/10
  3694 | D:3      | Found a basalt altar of Yredelemnul.
  3850 | D:4      | Reached skill level 1 in Air Magic
  4170 | D:4      | Noticed an orc warrior
  4244 | D:4      | Reached skill level 4 in Spellcasting
  4244 | D:4      | Reached skill level 1 in Poison Magic
  4382 | D:4      | Found a burning altar of Makhleb.
  4569 | D:4      | Got a crystal spear
  4570 | D:4      | Identified the +7 spear of Ohaibbyu {pierce, rElec} (You found it on level 4 of the Dungeon)
  4605 | D:4      | Reached XP level 6. HP: 2/36 MP: 12/12
  5275 | D:5      | Entered Level 5 of the Dungeon
  5331 | D:5      | Found a sand-covered staircase.
  5375 | Ossuary  | Entered an ossuary
  5513 | Ossuary  | Reached XP level 7. HP: 35/41 MP: 13/13
  5944 | D:5      | Noticed Sigmund
  6009 | D:5      | HP: 2/41 [something (6)]
  7132 | D:6      | Reached XP level 8. HP: 26/46 MP: 1/15
  7276 | D:6      | Found a sparkling altar of Nemelex Xobeh.
  7312 | D:6      | Reached skill level 5 in Spellcasting
  7558 | D:6      | Noticed Blork the orc
  7585 | D:6      | Killed Blork the orc
  9035 | D:7      | Noticed Joseph
  9181 | D:7      | HP: 2/46 [centaur/arrow (3)]
  9483 | D:7      | Slain by a centaur

Vault maps used:
D:1:      lightli_arrival_isolated_outpost, grunt_decor_fettered,
          kennysheep_crisscross
D:2:      first_ration, kennysheep_generic_room_12
D:3:      lemuel_doored_altar, serial_corexii_hall, corexii_hall_statues_x,
          corexii_hall_statues_x, chequers_ecumenical_altar_simple_redux,
          nicolae_gozag_zags_fifth_avenue
D:4:      minmay_misc_feat_chi, makhleb_heckhound_becter
D:5:      nicolae_ossuary_entry_false_entrances, uniq_sigmund
D:6:      nemelex_xobeh_ov_fountains_minmay, minmay_splitting_lines,
          st_stairs_6, uniq_blork_the_orc
D:7:      minmay_temple_entry_glass, basic_altar, grunt_ogre_cave, uniq_joseph,
          uniq_pikel, uniq_duvessa
Ossuary:  ossuary_tomb_2

Skill      XL: |  1  2  3  4  5  6  7  8 |
---------------+-------------------------+-----
Conjurations   | 2 3 4 |  4.7
Hexes          | 1 2 3 |  3.1
Air Magic      | 1 2 3 |  3.0
Spellcasting   | 4 5 |  5.4
Poison Magic   | 1 2 3 |  3.3
Dodging        | 3 4 |  4.0
Translocations | 2 3 |  3.3
Stealth        | |  2.6
Summonings     | |  1.0

Action                   |  1- 3 |  4- 6 |  7- 9 || total
-------------------------+-------+-------+-------++-------
Melee: Dagger            |    40 |     6 |       ||    46
       Tentacles         |     5 |     8 |     7 ||    20
       Constrict         |     8 |    10 |     7 ||    25
       Unarmed           |     1 |       |       ||     1
       Spear             |       |    47 |    21 ||    68
       Staff             |       |       |    12 ||    12
 Cast: Magic Dart        |    84 |   131 |   187 ||   402
       Slow              |     1 |     2 |       ||     3
       Mephitic Cloud    |       |     3 |     6 ||     9
  Use: Scroll            |       |     6 |     3 ||     9
       Potion            |       |       |     2 ||     2
 Stab: Sleeping          |       |     1 |     3 ||     4
       Confused          |       |       |     1 ||     1
  Eat: Chunk             |     3 |     8 |     5 ||    16
       Ration            |       |     1 |     2 ||     3
Armor: Skin              |     8 |     5 |     2 ||    15
Dodge: Dodged            |    44 |    45 |    90 ||   179

Table legend:
 A = Spawn XP
 B = Non-spawn XP
 C = Spawn XP percentage of total XP
 D = Spawn monster count
 E = Non-spawn monster count
 F = Spawn count percentage of total count
 G = Total turns spent on level
                    A         B        C        D         E        F      G
               +---------+---------+-------+---------+---------+-------+---------
         Total |       0 |    1920 |   0.0 |       0 |     134 |   0.0 |  9483
               +---------+---------+-------+---------+---------+-------+---------
           D:1 |       0 |      32 |   0.0 |       0 |      19 |   0.0 |  1056
           D:2 |       0 |      69 |   0.0 |       0 |      25 |   0.0 |  1522
           D:3 |       0 |      95 |   0.0 |       0 |      16 |   0.0 |  1837
           D:4 |       0 |     234 |   0.0 |       0 |      12 |   0.0 |   860
           D:5 |       0 |     368 |   0.0 |       0 |      11 |   0.0 |  1253
           D:6 |       0 |     789 |   0.0 |       0 |      26 |   0.0 |  2322
           D:7 |       0 |     110 |   0.0 |       0 |       2 |   0.0 |   119
       Ossuary |       0 |     223 |   0.0 |       0 |      23 |   0.0 |   514
               +---------+---------+-------+---------+---------+-------+---------
